Map: Thunderbird LE

Players

Misery

  • Race: Terran Terran
  • League: Master
  • Spawn Location: 11:00

Nathanias - Winner!

  • Race: Terran Terran
  • League: Grandmaster
  • Spawn Location: 5:00

VOD

Have the link to the VOD?

Description

Time

  • Played on: Sept. 26, 2019, 6:16 p.m.
  • Length: 20:33
Show
View Real Time Build Order
Export as new Build Order

Misery Terran 

Build Orders: Gas First Reaper Expand, Liberator Opening 

Get SALT Encoding   

  12  0:01  SCV  
  13  0:13  SCV  
  14  0:17  Supply Depot  
  14  0:25  SCV  
  14  0:27  Refinery  
  15  0:38  SCV  
  16  0:44  Barracks  
  16  0:50  SCV  
  17  1:03  SCV  
  18  1:15  SCV  
  19  1:30  Orbital Command  
  19  1:32  Reaper  
  20  1:46  Command Center  
  20  1:57  Factory  
  20  2:01  SCV  
  21  2:05  Barracks Reactor  
  21  2:11  Supply Depot  
  22  2:15  SCV  
  22  2:22  Refinery  
  22  2:27  SCV  
  23  2:39  SCV  
  23  2:43  Starport  
  24  2:48  Hellion  
  24  2:49  Hellion  
  28  2:52  SCV  
  28  2:54  Barracks Tech Lab  
  29  3:04  Orbital Command, SCV  
  30  3:12  Liberator  
  30  3:16  SCV  
  30  3:17  Hellion x2  
  35  3:28  SCV  
  35  3:32  SCV  
  35  3:33  Marine  
  41  3:39  Hellion  
  41  3:40  SCV  
  44  3:43  Hellion  
  46  3:53  Stimpack  
  46  3:57  Supply Depot  
  46  4:18  Marine, SCV x2  
  46  4:21  Starport Tech Lab  
  46  4:23  Command Center  
  49  4:30  SCV, Supply Depot  
  49  4:31  SCV  
  51  4:36  Factory Tech Lab  
  51  4:41  Barracks x2  
  51  4:48  SCV x2  
  51  4:52  Marine  
  53  4:54  Raven  
  53  4:55  Siege Tank  
  55  5:00  SCV  
  55  5:02  Supply Depot  
  56  5:07  Engineering Bay  
  56  5:08  Engineering Bay  
  56  5:09  SCV  
  56  5:12  Refinery  
  56  5:13  Marine, Refinery  
  58  5:16  SCV  
  59  5:22  SCV  
  60  5:28  SCV  
  60  5:30  Barracks Reactor  
  60  5:34  Marine, SCV  
  60  5:35  Siege Tank  
  66  5:36  Terran Infantry Weapons Level 1, Orbital Command  
  66  5:42  Marine x2  
  68  5:49  Terran Infantry Armor Level 1  
  70  5:50  SCV x2  
  70  5:54  Supply Depot  
  70  5:56  Supply Depot  
  70  6:02  SCV x2  
  72  6:07  Marine  
  72  6:08  Siege Tank, Marine x3  
  77  6:18  Orbital Command  
  73  6:23  SCV x2  
  75  6:26  Raven  
  75  6:29  Marine x4  
  75  6:30  Combat Shield  
  81  6:35  SCV x2  
  83  6:45  Marine  
  83  6:46  Siege Tank, Marine  
  87  6:47  SCV  
  73  6:56  Marine  
  73  7:01  Marine x2  
  61  7:03  Marine, SCV x2  
  61  7:04  Marine, SCV  
  58  7:14  Marine  
  50  7:19  Marine x2  
  50  7:20  Marine  
  50  7:21  SCV  
  50  7:22  Marine, SCV x2  
  54  7:27  Armory  
  54  7:29  Barracks  
  54  7:30  Barracks  
  54  7:33  SCV  
  54  7:34  SCV  
  53  7:46  Marine x5  
  53  7:47  Siege Tank  
  60  7:52  SCV x3  
  60  7:55  Refinery  
  60  7:56  Refinery  
  63  8:04  Marine, SCV x2  
  63  8:05  Supply Depot  
  66  8:06  Supply Depot x2  
  66  8:10  Marine x2  
  66  8:11  Marine x2, Factory  
  71  8:12  SCV  
  71  8:16  Starport Reactor, SCV x2  
  73  8:24  SCV  
  73  8:26  Marine  
  75  8:27  Barracks Reactor x2  
  75  8:28  SCV  
  75  8:29  Terran Infantry Weapons Level 2, Terran Infantry Armor Level 2, SCV  
  75  8:31  Marine x3  
  75  8:32  Marine  
  81  8:36  Siege Tank  
  84  8:43  SCV x3  
  84  8:46  Marine  
  88  8:49  Marine x2, Supply Depot  
  88  8:50  Terran Vehicle Weapons Level 1  
  88  8:55  SCV x2  
  92  8:56  SCV  
  92  8:57  Supply Depot  
  92  8:58  Supply Depot  
  92  8:59  Marine x2  
  95  9:03  Siege Tank  
  95  9:04  Marine  
  95  9:05  Marine  
  95  9:07  SCV x2  
  95  9:08  SCV  
  103  9:12  Viking  
  105  9:18  Marine x3  
  105  9:19  SCV x2  
  105  9:20  SCV  
  111  9:26  Marine x6  
  111  9:29  Medivac  
  111  9:31  SCV x2  
  120  9:34  Supply Depot  
  120  9:36  Siege Tank  
  124  9:39  SCV  
  124  9:42  Marine x3  
  124  9:43  SCV  
  124  9:44  Medivac  
  124  9:45  SCV  
  132  9:51  SCV  
  133  9:56  Command Center  
  132  10:00  Marine  
  132  10:01  Marine x6  
  132  10:02  Medivac  
  140  10:07  Supply Depot x2  
  140  10:11  Supply Depot  
  140  10:16  Marine x2  
  140  10:17  Siege Tank x2  
  149  10:21  SCV x3  
  149  10:23  Marine  
  149  10:24  Marine x3  
  155  10:33  SCV x2  
  157  10:36  Marine x5  
  157  10:37  Medivac  
  157  10:41  Marine  
  157  10:42  Marine  
  144  11:02  Marine x9  
  144  11:03  Siege Tank x2, Viking  
  147  11:21  Terran Infantry Weapons Level 3, Terran Infantry Armor Level 3  
  147  11:22  Marine  
  148  11:37  Supply Depot  
  148  11:38  Marine, Supply Depot x2  
  148  11:39  Marine x3, Supply Depot  
  152  11:41  SCV  
  142  12:01  Refinery  
  142  12:02  Refinery  
  142  12:07  Marine  
  142  12:08  Marine x6  
  149  12:09  Thor  
  155  12:17  Missile Turret x2  
  155  12:18  Missile Turret  
  155  12:19  Missile Turret  
  155  12:29  SCV x2  
  155  12:32  SCV  
  156  12:37  Missile Turret  
  156  12:39  Missile Turret  
  156  12:41  SCV  
  151  12:44  Marine x4  
  151  12:45  Marine x2, SCV x2  
  157  12:52  Marine  
  157  12:53  Siege Tank x2  
  156  13:13  Refinery  
  156  13:17  Marine x9  
  161  13:27  SCV x2  
  161  13:33  Supply Depot  
  163  13:34  Planetary Fortress, Bunker  
  163  13:36  Supply Depot  
  162  13:52  SCV x3  
  165  13:56  Marine x6  
  165  13:57  Marine x3  
  165  14:01  Starport  
  165  14:02  Starport  
  174  14:04  Armory, Terran Ship Weapons Level 1  
  174  14:31  Hi-Sec Auto Tracking  
  174  14:32  Neosteel Armor  
  174  14:34  Command Center  
  174  14:41  Missile Turret  
  174  14:43  SCV x4  
  174  14:44  Missile Turret  
  178  14:50  Starport Reactor  
  178  14:51  Starport Reactor  
  178  14:52  Terran Vehicle And Ship Armor Level 1  
  178  15:00  Refinery  
  178  15:02  Refinery  
  178  15:08  Thor x2  
  187  15:33  Bunker  
  187  15:34  Viking x6  
  199  15:37  Bunker  
  197  16:01  Command Center  
  197  16:09  Viking  
  197  16:27  Planetary Fortress  
  183  17:12  Marine x7  
  190  17:25  Missile Turret x2  
  190  17:27  Viking x5  
  200  17:45  Sensor Tower  
  191  17:51  Marine  
  191  17:52  Marine x6  
  191  18:09  Refinery  
  184  18:25  Command Center  
  179  18:31  Orbital Command  
  179  18:33  Viking x2  
  179  18:34  Medivac x2  
  157  19:21  SCV x3  
  160  19:27  Marine  
  160  19:28  Marine x4, Medivac x2  
  169  19:33  SCV x3  
  173  19:39  Orbital Command  
  173  19:45  SCV x2  
  168  19:53  Marine x7  
  168  19:55  SCV  
  168  19:57  SCV  
  170  20:11  Marine  
  170  20:12  SCV x2  
  170  20:13  Marine x4  
Show
View Real Time Build Order
Export as new Build Order

Nathanias Terran - Winner!

Build Orders: Cyclone Opening, Mech 

Get SALT Encoding   

  12  0:01  SCV  
  13  0:13  SCV  
  14  0:17  Supply Depot  
  14  0:26  SCV  
  15  0:29  Refinery  
  15  0:38  SCV  
  16  0:45  Barracks  
  16  0:50  SCV  
  16  0:55  Refinery  
  17  1:03  SCV  
  18  1:15  SCV  
  19  1:33  Orbital Command, Reaper  
  19  1:36  Factory  
  20  1:48  Supply Depot  
  20  1:59  SCV  
  21  2:05  Marine  
  22  2:11  SCV  
  23  2:23  SCV  
  23  2:24  Factory Tech Lab, Barracks Reactor  
  23  2:28  Command Center  
  24  2:38  SCV  
  24  2:41  Supply Depot  
  25  2:44  Cyclone  
  25  2:50  SCV  
  29  3:01  Marine x2  
  29  3:02  SCV  
  29  3:03  Starport  
  32  3:14  SCV  
  33  3:23  Marine x2  
  33  3:25  Refinery  
  33  3:27  SCV  
  36  3:31  Factory Tech Lab  
  36  3:39  SCV  
  36  3:41  Marine x2  
  37  3:42  Orbital Command  
  39  3:49  Raven  
  39  3:51  SCV  
  42  4:03  SCV  
  42  4:05  Siege Tank, Marine x2  
  49  4:10  SCV  
  49  4:11  Supply Depot  
  49  4:15  Supply Depot  
  49  4:17  SCV  
  49  4:22  SCV  
  51  4:27  Marine x2  
  51  4:29  SCV  
  53  4:34  SCV  
  53  4:37  Raven  
  56  4:41  SCV  
  56  4:43  Supply Depot  
  56  4:46  SCV  
  55  4:53  SCV  
  55  4:58  SCV  
  55  4:59  Marine x2  
  58  5:03  Siege Tank  
  61  5:10  SCV, Supply Depot  
  63  5:14  SCV  
  63  5:17  Command Center  
  65  5:22  SCV  
  65  5:26  SCV  
  65  5:30  Viking x2  
  65  5:31  Refinery  
  65  5:34  SCV  
  70  5:38  Engineering Bay, SCV  
  70  5:41  Siege Tank, Supply Depot  
  74  5:46  SCV  
  75  5:50  SCV  
  75  5:52  Factory  
  76  5:58  Factory, SCV  
  76  6:00  Viking  
  76  6:02  SCV  
  80  6:06  Viking  
  80  6:10  SCV  
  83  6:14  Siege Tank, SCV  
  83  6:16  Supply Depot x2  
  87  6:23  SCV  
  88  6:26  SCV  
  88  6:31  Orbital Command  
  89  6:35  Supply Depot, SCV  
  89  6:38  SCV, Supply Depot  
  91  6:45  Viking x2  
  93  6:47  SCV  
  93  6:51  SCV  
  84  6:56  SCV  
  84  6:59  SCV  
  82  7:03  SCV  
  80  7:08  SCV  
  80  7:11  SCV  
  80  7:15  Viking x2  
  82  7:17  SCV  
  82  7:19  Orbital Command  
  79  7:22  Factory Reactor  
  79  7:24  Siege Tank x2  
  84  7:31  SCV x2  
  83  7:43  SCV x2  
  83  7:45  Viking x2  
  84  7:54  Hi-Sec Auto Tracking  
  84  7:55  SCV x2  
  84  7:56  SCV  
  84  7:57  Missile Turret x2  
  87  8:00  Siege Tank, Missile Turret  
  87  8:01  Missile Turret  
  90  8:06  Missile Turret  
  90  8:07  SCV  
  90  8:11  SCV x2  
  93  8:12  Missile Turret  
  93  8:15  Viking x2, Refinery x2  
  93  8:18  Armory x2  
  93  8:19  SCV  
  98  8:30  Sensor Tower  
  98  8:37  Missile Turret x3  
  98  8:39  Missile Turret x2  
  98  8:42  Command Center  
  98  8:47  SCV  
  99  8:49  Missile Turret  
  99  8:50  Missile Turret x2  
  99  8:56  Viking x2  
  99  8:57  SCV  
  99  8:58  SCV  
  99  8:59  Missile Turret  
  99  9:00  Factory x2  
  105  9:04  Engineering Bay  
  105  9:05  Hellion x2  
  105  9:07  Terran Vehicle And Ship Armor Level 1, Terran Ship Weapons Level 1  
  113  9:10  Hellion x2  
  113  9:16  Supply Depot  
  113  9:17  Supply Depot  
  113  9:28  Sensor Tower  
  113  9:29  Missile Turret  
  113  9:33  Siege Tank, Hellion x2  
  123  9:44  Command Center  
  123  9:46  Missile Turret  
  123  9:51  Missile Turret  
  123  9:53  Factory Reactor  
  123  9:54  Factory Tech Lab  
  123  9:56  Infernal Pre-Igniter  
  123  10:00  Starport  
  123  10:04  Hellion  
  123  10:05  Siege Tank  
  123  10:06  Siege Tank  
  130  10:07  Hellion  
  130  10:10  Starport  
  130  10:14  Viking x2  
  134  10:23  Siege Tank  
  137  10:32  Hellion x4  
  145  10:37  Smart Servos  
  145  10:48  Viking x2  
  145  10:49  Starport Reactor x2  
  138  11:06  Siege Tank x3  
  138  11:07  Hellion x4  
  147  11:15  Command Center  
  147  11:26  Missile Turret  
  147  11:39  Viking x6  
  159  11:43  Missile Turret  
  159  11:45  Hellion x8  
  159  12:01  Planetary Fortress  
  159  12:09  Viking  
  159  12:10  Missile Turret  
  161  12:17  Siege Tank x3, Hellion  
  161  12:19  Refinery  
  161  12:20  Hellion, Refinery  
  172  12:26  Viking x2  
  172  12:27  Hellion  
  170  12:30  Hellion x2  
  160  13:01  Siege Tank, Hellion x4  
  160  13:02  Terran Ship Weapons Level 2, Siege Tank x2, Terran Vehicle And Ship Armor Level 2  
  160  13:05  Viking  
  173  13:14  Drilling Claws  
  171  13:25  Viking x3  
  171  13:26  Viking  
  177  13:27  Orbital Command  
  177  13:32  Command Center  
  177  13:33  Command Center  
  167  13:55  Missile Turret x2  
  165  14:02  Sensor Tower  
  165  14:11  Viking x6  
  177  14:19  Starport  
  177  14:22  Starport  
  175  14:24  Hellion x2  
  175  14:25  Hellion x2  
  183  14:37  Cyclone  
  186  14:43  Cyclone x2  
  192  14:48  Orbital Command  
  192  14:50  Neosteel Armor  
  192  15:09  Starport Reactor  
  192  15:19  Starport Reactor  
  192  15:28  Missile Turret  
  186  15:33  Missile Turret  
  186  15:34  Missile Turret x2  
  184  15:46  Viking  
  184  15:47  Viking x6  
  184  15:49  Planetary Fortress  
  198  15:50  Missile Turret  
  198  15:54  Terran Vehicle And Ship Armor Level 3, Terran Ship Weapons Level 3  
  198  15:58  Refinery  
  198  16:00  Refinery  
  198  16:01  Missile Turret  
  198  16:02  Sensor Tower  
  198  16:08  Hellion x5  
  198  16:10  Missile Turret  
  198  16:12  Missile Turret  
  198  16:16  Missile Turret  
  198  16:29  Command Center  
  198  16:36  Viking  
  200  16:43  Missile Turret  
  200  16:44  Missile Turret x2  
  200  16:45  Missile Turret  
  190  17:07  Viking x9  
  198  17:42  Starport  
  198  17:43  Starport  
  192  17:46  Starport  
  192  17:47  Fusion Core  
  192  17:48  Widow Mine x4  
  192  17:50  Mag-Field Accelerator  
  189  18:09  Viking x9  
  189  18:31  Terran Vehicle Weapons Level 1  
  185  18:40  Cyclone x2  
  185  18:41  Widow Mine x4, Viking x2  
  190  18:42  Viking x2  
  188  19:03  Starport Tech Lab x2  
  188  19:04  Starport Tech Lab  
  183  19:15  Planetary Fortress  
Tags
 
Add a new tag
Caveats
  • Supply blocks, unpowered buildings, or Contaminate may cause inaccurate times.
  • Supply counts are checked every 10 seconds.